[Event "Team 45 45 League T57"]
[Site "Internet Chess Club"]
[Date "2013.06.17"]
[Round "4"]
[White "ChessMaine"]
[Black "dscvdchk"]
[Result "1/2-1/2"]
[WhiteElo "1414"]
[BlackElo "1515"]
[Opening "Queen's pawn: stonewall attack"]
[ECO "A45"]
[Time "18:08:27"]
[TimeControl "2700+45"]

1. d4 Nf6 2. e3 d5 3. Bd3 Nbd7 4. Nd2 c5 5. c3 e6 6. Ngf3 Be7 7. O-O O-O 8. Qc2
c4 9. Be2 b5 10. e4 dxe4 11. Nxe4 Bb7 12. Nxf6+ Nxf6 13. Bg5 h6 14. Bh4 Be4 15.
Qd2 Bh7 16. Bxf6 Bxf6 17. Rad1 Qb6 18. Ne5 Rad8 19. Qc1 Rd6 20. Bh5 Bg5 21. f4
Be7 22. Rde1 g6 23. Bd1 Bf6 24. Bc2 Kg7 25. Qe3 Bd8 26. Qh3 f5 27. Qe3 a6 28.
Rf3 Qc7 29. Rf2 Bf6 30. Rfe2 Re8 31. Bb1 Qc8 32. Qf3 Re7 33. Qe3 Qb7 34. Qg3 Qd5
35. Qf2 a5 36. Rd2 Rb6 37. Bc2 Qd6 38. Bd1 {Game drawn by mutual agreement}
1/2-1/2

[Event "Team 45 45 League T57"]
[Site "Internet Chess Club"]
[Date "2013.06.16"]
[Round "4"]
[White "Check101"]
[Black "guyd52"]
[Result "1-0"]
[WhiteElo "1582"]
[BlackElo "1348"]
[Opening "Pirc: Austrian attack"]
[ECO "B09"]
[Time "19:26:38"]
[TimeControl "2700+45"]

1. e4 d6 2. d4 Nf6 3. Nc3 g6 4. f4 Bg7 5. Nf3 Nbd7 6. Be2 c6 7. O-O O-O 8. e5
Nd5 9. Bd3 Nxc3 10. bxc3 dxe5 11. dxe5 e6 12. Be3 Nb6 13. Qd2 Nd5 14. Bd4 Bh6
15. g3 b6 16. c4 Ne7 17. g4 c5 18. Be3 Bb7 19. f5 Bxe3+ 20. Qxe3 Qd7 21. f6 Nc6
22. Qh6 {Black resigns} 1-0

[Event "Team 45 45 League T57"]
[Site "Internet Chess Club"]
[Date "2013.06.15"]
[Round "4"]
[White "Toalla"]
[Black "SeniorCitizen"]
[Result "1/2-1/2"]
[WhiteElo "1322"]
[BlackElo "1276"]
[Opening "French: Schlechter variation"]
[ECO "C01"]
[Time "07:30:58"]
[TimeControl "2700+45"]

1. e4 e6 2. d4 d5 3. Bd3 c5 4. c3 Nc6 5. exd5 exd5 6. Nf3 c4 7. Be2 Bf5 8. O-O
Be7 9. Nbd2 Nf6 10. Re1 O-O 11. Nf1 Re8 12. Ng3 Qd7 13. Nxf5 Qxf5 14. Bg5 Ne4
15. Bxe7 Rxe7 16. Qc2 Rae8 17. Bf1 Qf6 18. Re2 Ng5 19. Nxg5 Qxg5 20. Rae1 Rxe2
21. Rxe2 Rxe2 22. Bxe2 Qd8 23. b3 b5 24. Qb2 Qd6 25. bxc4 dxc4 26. g3 g6 27. f4
a6 28. Kf2 Nb8 29. a3 Kg7 30. h4 Qd7 31. g4 Qd6 32. Kg3 Qe6 33. Qd2 Qd6 34. Qb2
Nd7 35. Bf3 Nb6 36. Qc1 Na4 37. g5 f5 38. Bd1 Nb6 39. Bf3 Na4 40. Bd1 {Game
drawn by mutual agreement} 1/2-1/2

[Event "Team 45 45 League T57"]
[Site "Internet Chess Club"]
[Date "2013.06.16"]
[Round "4"]
[White "WilmaP"]
[Black "theartist"]
[Result "1-0"]
[WhiteElo "1100"]
[BlackElo "1134"]
[Opening "French defense"]
[ECO "C00"]
[Time "13:16:43"]
[TimeControl "2700+45"]

1. e4 e6 2. Nf3 d5 3. d4 dxe4 4. Ng5 Nf6 5. Nc3 c5 6. Ngxe4 Nxe4 7. Nxe4 cxd4 8.
Bd3 Nc6 9. c3 e5 10. O-O Be7 11. Re1 Bf5 12. Qa4 O-O 13. Qd1 Bg6 14. h3 Rc8 15.
c4 Nb4 16. Bb1 Rxc4 17. Qb3 Rc8 18. a3 Qa5 19. Bg5 Nc6 20. Bd3 Qc7 21. Rac1 Bxg5
22. Nxg5 h6 23. Ne4 Kh7 24. h4 f5 25. Nc5 Qf7 26. Bc4 Qe8 27. Nxb7 Qe7 28. g3
Rc7 29. Ba6 Rb8 30. Kg2 Bf7 31. Qf3 g6 32. b4 Nd8 33. Rxc7 Qxc7 34. Nxd8 Qxd8
35. Rxe5 Qc7 36. Qf4 Qc6+ 37. f3 Qxa6 38. Qxd4 Qxa3 39. Re7 Kg8 40. Qd7 {Black
forfeits on time} 1-0

[Event "Team 45 45 League T57"]
[Site "Internet Chess Club"]
[Date "2013.06.15"]
[Round "4"]
[White "seattleblues"]
[Black "dabodhi"]
[Result "0-1"]
[WhiteElo "1504"]
[BlackElo "1339"]
[Opening "Queen's bishop game"]
[ECO "D02"]
[Time "15:00:34"]
[TimeControl "2700+45"]

1. d4 d5 2. Nf3 Nf6 3. Bf4 c5 4. e3 Nc6 5. c3 Qb6 6. Qb3 c4 7. Qc2 Bf5 8. Qc1
Nh5 9. Bg5 h6 10. Bh4 g5 11. Bg3 Nxg3 12. hxg3 e6 13. Nbd2 Bg7 14. Be2 e5 15.
O-O O-O-O 16. Ne1 g4 17. e4 dxe4 18. Nxc4 Qc7 19. Ne3 Qd7 20. d5 Ne7 21. c4 h5
22. a4 h4 23. c5 Nxd5 24. Bb5 Qe6 25. Bc4 h3 26. a5 hxg2 27. N3xg2 Rh3 28. Nh4
Bh6 29. Qd1 Bg5 30. a6 b6 31. cxb6 Nxb6 32. Bxe6+ Bxe6 33. Qc2+ Kb8 34. Neg2 f5
35. Qc6 Bd5 36. Qg6 Bxh4 37. Nxh4 e3 38. Ng2 Rdh8 39. Qd6+ Ka8 40. Qxd5+ Nxd5
41. Nh4 exf2+ 42. Rxf2 Rxg3+ 43. Rg2 Rxg2+ 44. Kxg2 Rxh4 45. Rc1 Ne3+ 46. Kf2
Rh2+ 47. Kxe3 f4+ 48. Ke4 Rxb2 49. Kxe5 f3 50. Kf4 Rb4+ 51. Kg3 Kb8 52. Ra1 Kc7
53. Rc1+ Kb6 54. Ra1 Kb5 55. Rf1 Kxa6 56. Rh1 Ka5 57. Rh5+ Rb5 58. Rh4 Rg5 59.
Kf4 Rg7 60. Kg3 Kb4 61. Kf4 f2 62. Rh1 Rf7+ {White resigns} 0-1

[Event "Team 45 45 League T57"]
[Site "Internet Chess Club"]
[Date "2013.06.15"]
[Round "4"]
[White "Aquaman"]
[Black "medsurg"]
[Result "1-0"]
[WhiteElo "1320"]
[BlackElo "1317"]
[Opening "Queen's pawn game"]
[ECO "D05"]
[Time "15:01:21"]
[TimeControl "2700+45"]

1. d4 d5 2. Nf3 Nf6 3. e3 e6 4. Bd3 Be7 5. O-O c5 6. b3 Nc6 7. Bb2 Nb4 8. Be2
O-O 9. a3 Nc6 10. Bd3 b6 11. Nbd2 Qc7 12. Re1 cxd4 13. Nxd4 Nxd4 14. exd4 Bd6
15. Nf3 Bb7 16. Ne5 Bxe5 17. dxe5 Ne4 18. b4 a5 19. Re3 axb4 20. axb4 Rxa1 21.
Bxa1 Qe7 22. b5 Qg5 23. Rh3 Nxf2 24. Kxf2 d4 25. Bxh7+ Kh8 26. Be4+ Kg8 27. Bxb7
Qf4+ 28. Bf3 Rd8 29. Qd3 {Black resigns} 1-0

[Event "Team 45 45 League T57"]
[Site "Internet Chess Club"]
[Date "2013.06.17"]
[Round "4"]
[White "tcianciola"]
[Black "RobertBuice"]
[Result "1-0"]
[WhiteElo "1169"]
[BlackElo "1031"]
[Opening "QGD: Marshall defense"]
[ECO "D06"]
[Time "19:00:17"]
[TimeControl "2700+45"]

1. d4 d5 2. c4 Nf6 3. Nf3 Bf5 4. Nc3 e6 5. Bg5 Bb4 6. a3 Bxc3+ 7. bxc3 dxc4 8.
Qa4+ c6 9. Qxc4 O-O 10. e3 Qd5 11. Bxf6 Qxc4 12. Bxc4 gxf6 13. O-O Nd7 14. Rfe1
Rac8 15. e4 Bg4 16. Be2 c5 17. h3 Bxf3 18. Bxf3 cxd4 19. cxd4 Rc4 20. d5 exd5
21. exd5 Ne5 22. Be2 Rc3 23. Red1 Rc2 24. Bb5 a6 25. Ba4 Re2 26. d6 b5 27. Bb3
Nd7 28. Rac1 Rfe8 29. Bc2 R8e5 30. Bd3 Ra2 31. Rc7 Nc5 32. d7 Ne6 33. Rc6 Kf8
34. Rxe6 fxe6 35. d8=Q+ Kg7 36. Qe7+ Kh6 37. Qxh7+ Kg5 38. g3 f5 39. f4+ Kf6 40.
fxe5+ Kxe5 41. Re1+ Kd4 42. Qd7+ Kc3 43. Rc1+ Kb2 44. Qc6 Ra1 45. Qc2+ Kxa3 46.
Rxa1+ Kb4 47. Rb1+ Ka5 48. Qc6 e5 49. Bxb5 axb5 50. Qxb5# {Black checkmated} 1-0

[Event "Team 45 45 League T57"]
[Site "Internet Chess Club"]
[Date "2013.06.17"]
[Round "4"]
[White "artspir"]
[Black "WzeroMN"]
[Result "0-1"]
[WhiteElo "1135"]
[BlackElo "1090"]
[Opening "Queen's pawn game"]
[ECO "A46"]
[Time "17:30:19"]
[TimeControl "2700+45"]

1. d4 Nf6 2. Nf3 e6 3. Bf4 h6 4. e3 Bd6 5. Bxd6 cxd6 6. Nbd2 d5 7. Bd3 b6 8. c3
Ba6 9. c4 Bxc4 10. Nxc4 dxc4 11. Bxc4 d5 12. Qa4+ Nbd7 13. Bd3 O-O 14. O-O a5
15. Rac1 Rc8 16. Ba6 Rxc1 17. Rxc1 Qa8 18. Bb5 Rc8 19. Re1 Qb8 20. Ne5 Nxe5 21.
dxe5 Qxe5 22. g3 Qxb2 23. Re2 Qb1+ 24. Kg2 Qe4+ 25. f3 Qxa4 26. Bxa4 e5 27. Bc2
b5 28. Bf5 Rc5 29. Rc2 Rxc2+ 30. Bxc2 b4 31. Kf2 Kf8 32. Ke2 Ke7 33. h4 Kd6 34.
g4 g5 35. h5 Kc5 36. Kd2 Kc4 37. Bb3+ Kb5 38. Kd3 a4 39. Bc2 a3 40. Bb3 Kc5 41.
Ke2 e4 42. Kf2 exf3 43. Kxf3 Ne4 44. Ke2 f6 45. Kf3 Nd2+ 46. Ke2 Nxb3 47. axb3
a2 48. Kd3 a1=Q 49. e4 Qd4+ 50. Kc2 Qxe4+ 51. Kb2 Qe3 52. Ka2 d4 53. Kb2 d3 54.
Ka2 d2 55. Kb2 d1=Q {White resigns} 0-1

[Event "Team 45 45 League T57"]
[Site "Internet Chess Club"]
[Date "2013.06.17"]
[Round "4"]
[White "RamRock"]
[Black "Portola"]
[Result "1-0"]
[WhiteElo "1895"]
[BlackElo "1799"]
[Opening "French: exchange variation"]
[ECO "C01"]
[Time "20:00:52"]
[TimeControl "2700+45"]

1. e4 e6 2. d4 d5 3. exd5 exd5 4. Bd3 Nf6 5. Bf4 Be7 6. Nf3 O-O 7. h3 Nbd7 8.
O-O c6 9. c3 Re8 10. Re1 Nf8 11. Nbd2 Be6 12. Ne5 Qb6 13. Rb1 c5 14. Ndf3 h6 15.
Be3 cxd4 16. Bxd4 Bc5 17. Qd2 Rad8 18. Qf4 a6 19. Re2 Bc8 20. Bxc5 Qxc5 21. Nd4
Ne6 22. Qh4 Nxd4 23. cxd4 Qf8 24. Rbe1 Nd7 25. Qf4 Nf6 26. g4 Qd6 27. Qg3 Qb4
28. Qf4 Be6 29. Kh2 Qe7 30. Qg3 Qb4 31. Qf4 Qd6 32. Qg3 Qb4 33. Qe3 Qd6 34. f4
Bxg4 35. Rg2 Bc8 36. Qg3 Qf8 37. Reg1 Nh5 38. Qh4 Nxf4 39. Qxf4 {Black resigns}
1-0

[Event "Team 45 45 League T57"]
[Site "Internet Chess Club"]
[Date "2013.06.15"]
[Round "4"]
[White "kabindra"]
[Black "kidcobra"]
[Result "1-0"]
[WhiteElo "1774"]
[BlackElo "1741"]
[Opening "Two knights defense"]
[ECO "C55"]
[Time "16:31:00"]
[TimeControl "2700+45"]

1. e4 e5 2. Nf3 Nc6 3. Bc4 Nf6 4. Qe2 h6 5. Nc3 Bc5 6. Bxf7+ Kxf7 7. Qc4+ Ke8 8.
Qxc5 d6 9. Qc4 Rf8 10. O-O Bg4 11. Nh4 Nd4 12. Ng6 Rf7 13. f3 Bh5 14. Nh4 Nxc2
15. Qa4+ c6 16. Qxc2 Ng4 17. Nf5 Qb6+ 18. Ne3 Nf6 19. Qb3 Qc7 20. d3 Kd7 21. Bd2
Raf8 22. Rac1 c5 23. Ncd5 Nxd5 24. Nxd5 Qc8 25. Qa4+ Ke6 26. f4 Be2 27. f5+ Rxf5
28. exf5+ Kf7 29. Rf2 Bxd3 30. f6 Ke6 31. Ne7 Qd8 32. Qg4+ Kf7 33. fxg7+ Kxe7
34. gxf8=Q+ Qxf8 35. Rxf8 Kxf8 36. Bxh6+ Ke7 37. Qg7+ Ke6 38. Qg8+ Kd7 39. Qf7+
Kc6 40. b4 b6 41. bxc5 Kb5 42. cxd6 Bf5 43. Qxf5 Ka4 44. d7 b5 45. d8=Q a5 46.
Qc2+ Kb4 47. Bf8# {Black checkmated} 1-0

[Event "Team 45 45 League T57"]
[Site "Internet Chess Club"]
[Date "2013.06.18"]
[Round "4"]
[White "amicusUK"]
[Black "evan7284"]
[Result "1/2-1/2"]
[WhiteElo "1615"]
[BlackElo "1727"]
[Opening "Queen's pawn game"]
[ECO "D02"]
[Time "15:00:05"]
[TimeControl "2700+45"]

1. d4 d5 2. Nf3 e6 3. c3 f5 4. Bf4 Nf6 5. e3 Bd6 6. Bxd6 Qxd6 7. Ne5 O-O 8. Nd2
Nbd7 9. f4 Ne4 10. Nxd7 Bxd7 11. Nf3 c5 12. Bd3 cxd4 13. Nxd4 Qe7 14. Nf3 Nf6
15. Ne5 Be8 16. Be2 Nd7 17. Nf3 Bh5 18. Ng5 Bxe2 19. Qxe2 h6 20. Nf3 e5 21. fxe5
Nxe5 22. Nxe5 Qxe5 23. O-O-O Rfe8 24. Rhe1 f4 25. Qf3 fxe3 26. Rxd5 Qe4 27. Qxe4
Rxe4 28. Rd4 Rxd4 29. cxd4 Rd8 30. Rxe3 Rxd4 31. Re7 Rb4 32. Rc7 Rg4 33. g3 Rb4
34. Kc2 Rb6 35. Kc3 g5 36. g4 Kf8 37. b3 a5 38. Rc5 Ra6 39. Rb5 Rc6+ 40. Kd2 b6
41. Rf5+ Ke7 42. Rf3 Rf6 43. Rxf6 Kxf6 44. a4 Ke5 45. Ke3 Kd5 46. Kd3 Kc5 47.
Kc3 Kd5 48. Kd3 Kc5 49. Kc3 Kd5 50. Kd3 Kc5 51. Kc3 Kd5 {Game drawn by
repetition} 1/2-1/2

[Event "Team 45 45 League T57"]
[Site "Internet Chess Club"]
[Date "2013.06.15"]
[Round "4"]
[White "g8wrb"]
[Black "KidRattler"]
[Result "1-0"]
[WhiteElo "1429"]
[BlackElo "1417"]
[Opening "QGD semi-Slav"]
[ECO "D43"]
[Time "16:28:39"]
[TimeControl "2700+45"]

1. d4 d5 2. c4 c6 3. Nc3 Nf6 4. Nf3 e6 5. Bg5 Be7 6. e3 Nbd7 7. Bd3 Bb4 8. O-O
Qc7 9. Rc1 a5 10. Qe2 b6 11. Bf4 Qd8 12. a3 Bxc3 13. Rxc3 Bb7 14. Rfc1 Rc8 15.
b4 axb4 16. axb4 O-O 17. Bg5 h6 18. Bh4 Qe7 19. c5 bxc5 20. bxc5 Rfe8 21. Rb3
Ba8 22. Bg3 Ne4 23. Bxe4 dxe4 24. Nd2 f5 25. Nc4 Rf8 26. Bd6 Qg5 27. Bxf8 Rxf8
28. Nd6 Nf6 29. Qc4 Nd5 30. Ra1 f4 31. Nxe4 Qf5 32. Nd6 Qf6 33. e4 e5 34. exd5
cxd5 35. Qa6 exd4 36. Nb5 Bb7 37. Qxb7 d3 38. Rd1 d2 39. Qxd5+ Kh7 40. Qxd2 f3
{Black resigns} 1-0

[Event "Team 45 45 League T57"]
[Site "Internet Chess Club"]
[Date "2013.06.16"]
[Round "4"]
[White "netballgirl"]
[Black "Constrictor"]
[Result "1-0"]
[WhiteElo "1782"]
[BlackElo "1712"]
[Opening "Caro-Kann: Bronstein-Larsen variation"]
[ECO "B16"]
[Time "20:07:22"]
[TimeControl "2700+45"]

1. e4 c6 2. d4 d5 3. Nc3 dxe4 4. Nxe4 Nf6 5. Nxf6+ gxf6 6. Nf3 Bg4 7. Be2 Qc7 8.
h3 Bh5 9. g3 e6 10. Bf4 Bd6 11. Bxd6 Qxd6 12. Qd2 Nd7 13. O-O-O O-O-O 14. g4 Bg6
15. Qa5 Kb8 16. Kb1 Be4 17. Qd2 Nb6 18. Qe3 Bd5 19. Rhg1 Qb4 20. a3 Qa5 21. Qf4+
Ka8 22. Qxf6 Bc4 23. Bxc4 Nxc4 24. Ne5 Nd2+ 25. Kc1 Ne4 26. Qxf7 Qd5 27. c4 Qa5
28. Qf3 Ng5 29. Qe3 Qb6 30. c5 Qb5 31. Qxg5 {Black resigns} 1-0

[Event "Team 45 45 League T57"]
[Site "Internet Chess Club"]
[Date "2013.06.17"]
[Round "4"]
[White "Hal2001"]
[Black "Marcosm06"]
[Result "0-1"]
[WhiteElo "1590"]
[BlackElo "1692"]
[Opening "Sicilian: closed"]
[ECO "B23"]
[Time "20:06:23"]
[TimeControl "2700+45"]

1. e4 c5 2. Nc3 a6 3. g3 b5 4. Bg2 Bb7 5. d3 e6 6. Be3 d5 7. d4 b4 8. Na4 c4 9.
e5 Bc6 10. Nc5 Bxc5 11. dxc5 Nd7 12. Nf3 Ne7 13. O-O Ng6 14. Bd4 Rc8 15. c3 bxc3
16. bxc3 Qa5 17. h4 Ba4 18. Qd2 Nxc5 19. h5 Ne7 20. Qg5 Nf5 21. g4 h6 22. Qf4
Nd3 23. Qd2 Nxd4 24. Nxd4 Rb8 25. Rab1 Kd7 26. g5 Qd8 27. gxh6 Rxh6 28. Rxb8
Qxb8 29. Qg5 Qxe5 {White resigns} 0-1

[Event "Team 45 45 League T57"]
[Site "Internet Chess Club"]
[Date "2013.06.15"]
[Round "4"]
[White "lemanofzorn"]
[Black "elessar"]
[Result "0-1"]
[WhiteElo "1554"]
[BlackElo "1633"]
[Opening "QGD: Lasker defense"]
[ECO "D56"]
[Time "16:00:09"]
[TimeControl "2700+45"]

1. d4 d5 2. c4 e6 3. Nc3 Nf6 4. Bg5 Be7 5. e3 O-O 6. Nf3 h6 7. Bh4 Ne4 8. Bxe7
Qxe7 9. Nxe4 dxe4 10. Nd2 f5 11. Qb3 e5 12. d5 Kh8 13. Be2 b6 14. O-O-O Nd7 15.
a3 Nc5 16. Qa2 a5 17. Nb3 Na4 18. Rd2 Bb7 19. g3 Rfd8 20. f3 exf3 21. Bxf3 Nc5
22. Nxc5 Qxc5 23. Rhd1 Qxe3 24. Bh1 a4 25. Qb1 e4 26. Qc2 Ra5 27. Kb1 Rc5 28.
Qxa4 Ra5 29. Qb4 Rd6 30. Rc2 c5 31. Qc3 Qxc3 32. Rxc3 Ra4 33. Ka2 Ra8 34. Rf1
Rf6 35. g4 Re8 36. Re3 Ba6 37. Kb3 Bc8 38. a4 fxg4 39. Rxf6 gxf6 40. Rxe4 Rxe4
41. Bxe4 f5 42. Bg2 Bd7 43. Ka3 Kg7 44. b4 Kf6 45. bxc5 bxc5 46. a5 Bc8 47. Ka4
Ke7 48. Kb5 Kd6 49. Kb6 f4 50. a6 Bxa6 51. Kxa6 f3 52. Bf1 h5 53. Kb5 h4 54. Bd3
g3 55. hxg3 hxg3 56. Be4 g2 57. Bxf3 g1=Q 58. Bh5 Qb1+ 59. Ka6 Qa2+ 60. Kb5 Qb3+
61. Ka5 Qb4+ 62. Ka6 Qxc4+ 63. Kb6 Qb4+ 64. Ka7 c4 65. Bd1 Kxd5 66. Bf3+ Kd4 67.
Ba8 Qa3+ 68. Kb8 Qxa8+ 69. Kxa8 c3 70. Kb7 c2 71. Kb6 c1=Q 72. Kb5 Qc3 73. Ka4
Qb2 74. Ka5 Qb7 75. Ka4 Kc4 76. Ka3 Qb3# {White checkmated} 0-1

[Event "Team 45 45 League T57"]
[Site "Internet Chess Club"]
[Date "2013.06.17"]
[Round "4"]
[White "alaskauk"]
[Black "Bryant-L"]
[Result "0-1"]
[WhiteElo "1465"]
[BlackElo "1555"]
[Opening "French: Winawer, advance variation"]
[ECO "C17"]
[Time "11:00:20"]
[TimeControl "2700+45"]

1. e4 e6 2. d4 d5 3. Nc3 Bb4 4. e5 c5 5. Nf3 Nc6 6. Be3 cxd4 7. Bxd4 Nge7 8. a3
Nxd4 9. Qxd4 Nc6 10. Bb5 Bxc3+ 11. Qxc3 Bd7 12. Bxc6 Bxc6 13. O-O Qb6 14. Rad1
Rc8 15. b3 O-O 16. Rfe1 d4 17. Qd3 Bxf3 18. gxf3 Rfd8 19. Re2 Rc3 20. Qe4 d3 21.
Red2 Rxc2 22. Rxc2 dxc2 23. Qxc2 Rxd1+ 24. Qxd1 h6 25. Qd3 Qc5 26. Qe4 Qxa3 27.
Qxb7 a5 28. Qc8+ Kh7 29. Qc5 {White resigns} 0-1

[Event "Team 45 45 League T57"]
[Site "Internet Chess Club"]
[Date "2013.06.15"]
[Round "4"]
[White "rahulr"]
[Black "fireball"]
[Result "1-0"]
[WhiteElo "1591"]
[BlackElo "1681"]
[Opening "Budapest: Fajarowicz variation"]
[ECO "A51"]
[Time "12:02:14"]
[TimeControl "2700+45"]

1. d4 Nf6 2. c4 e5 3. dxe5 Ne4 4. Nf3 Nc6 5. Nbd2 Bb4 6. a3 Bxd2+ 7. Nxd2 Nxd2
8. Bxd2 Nxe5 9. Bc3 f6 10. e3 d6 11. h3 Bf5 12. f4 Ng6 13. Bd3 Bxd3 14. Qxd3 Qd7
15. O-O-O O-O-O 16. Rd2 Rhe8 17. Rhd1 Qe7 18. Qf5+ Kb8 19. Rd3 Qe4 20. Qxe4 Rxe4
21. c5 Rde8 22. cxd6 cxd6 23. Kd2 Nh4 24. g3 Nf5 25. Re1 Nxg3 26. Rxd6 Nf5 27.
Rd3 Nh4 28. Rc1 Nf3+ 29. Ke2 Nh4 30. Bd4 Nf5 31. Kf3 Nxd4+ 32. exd4 R4e7 33. d5
Rd7 34. b4 b5 35. Rc5 a6 36. Kg4 Re4 37. Kf5 Rc4 38. Ke6 Rc7 39. d6 Rc8 40. d7
Rd8 41. Ke7 Rxc5 42. Kxd8 Rc7 43. Ke8 Rc8+ 44. dxc8=Q+ Kxc8 45. Rd7 g5 46. fxg5
fxg5 47. Rxh7 {Black resigns} 1-0

[Event "Team 45 45 League T57"]
[Site "Internet Chess Club"]
[Date "2013.06.17"]
[Round "4"]
[White "Ajolote"]
[Black "Check101"]
[Result "1-0"]
[WhiteElo "1573"]
[BlackElo "1565"]
[Opening "Giuoco Piano"]
[ECO "C54"]
[Time "19:07:14"]
[TimeControl "2700+45"]

1. e4 e5 2. Nf3 Nc6 3. Bc4 Bc5 4. c3 Nf6 5. d4 exd4 6. cxd4 Bb4+ 7. Bd2 Nxe4 8.
Bxb4 Nxb4 9. Ne5 d5 10. Qa4+ c6 11. Qxb4 dxc4 12. Qxc4 Qf6 13. Qe2 Nd6 14. Ng6+
Be6 15. Nxh8 O-O-O 16. Qe5 Qh4 17. O-O Nf5 18. Nxf7 {Black resigns} 1-0

[Event "Team 45 45 League T57"]
[Site "Internet Chess Club"]
[Date "2013.06.16"]
[Round "4"]
[White "Conjurer"]
[Black "GideonL"]
[Result "1-0"]
[WhiteElo "1471"]
[BlackElo "1433"]
[Opening "Queen's pawn, Mason variation"]
[ECO "D00"]
[Time "15:05:54"]
[TimeControl "2700+45"]

1. d4 d5 2. Bf4 Nc6 3. Nf3 Nf6 4. e3 Bg4 5. Be2 e6 6. h3 Bh5 7. g4 Bg6 8. Nbd2
Qd7 9. c4 Bb4 10. Rc1 Ne4 11. O-O h5 12. g5 Bf5 13. h4 Bh3 14. Re1 f6 15. a3
Bxd2 16. Nxd2 Nxd2 17. Qxd2 fxg5 18. Bxg5 Rf8 19. Bxh5+ Rf7 20. Bxf7+ Qxf7 21.
f4 Qf5 22. Kh2 Nd8 23. Rg1 Nf7 24. Rg3 Bg4 25. cxd5 exd5 26. Rxc7 Nd6 27. Qb4
Qe6 28. Re7+ Qxe7 29. Bxe7 Kxe7 30. Rxg4 Rg8 31. Rg6 Rd8 32. Rxg7+ Ke6 33. Rg6+
Ke7 34. Qc5 Rd7 35. Qxd5 Nf7 36. Qe6+ Kf8 37. Qxd7 b6 38. h5 b5 39. h6 b4 40. h7
Nh8 41. Rg8# {Black checkmated} 1-0

[Event "Team 45 45 League T57"]
[Site "Internet Chess Club"]
[Date "2013.06.14"]
[Round "4"]
[White "seldredg"]
[Black "seattleblues"]
[Result "0-1"]
[WhiteElo "1317"]
[BlackElo "1513"]
[Opening "Bird: From gambit"]
[ECO "A02"]
[Time "16:05:34"]
[TimeControl "2700+45"]

1. f4 e5 2. fxe5 d6 3. Nf3 Nc6 4. Nc3 dxe5 5. e4 Bc5 6. Na4 Bd6 7. b3 Bg4 8. h3
Bh5 9. c3 Nf6 10. d3 O-O 11. Be3 Qd7 12. Nc5 Qc8 13. g4 Bg6 14. Be2 Nd7 15. Nxd7
Qxd7 16. Nh4 Ne7 17. g5 f6 18. Bh5 Qe8 19. Bxg6 Nxg6 20. Nf3 Nf4 21. Rh2 fxg5
22. Nxg5 h6 23. Nf3 Qg6 24. Kf2 Be7 25. Qg1 Nxd3+ 26. Ke2 Qxe4 27. Qf1 Bc5 28.
Kd1 Bxe3 29. Re2 Qxf3 30. Qxf3 Rxf3 31. Kc2 e4 {White resigns} 0-1

[Event "Team 45 45 League T57"]
[Site "Internet Chess Club"]
[Date "2013.06.15"]
[Round "4"]
[White "oldsj"]
[Black "ausya"]
[Result "0-1"]
[WhiteElo "1571"]
[BlackElo "1542"]
[Opening "Sicilian: accelerated fianchetto, Maróczy bind"]
[ECO "B36"]
[Time "09:01:23"]
[TimeControl "2700+45"]

1. e4 c5 2. Nf3 g6 3. d4 cxd4 4. Nxd4 Nc6 5. c4 d6 6. Be2 Nf6 7. Nc3 Bg7 8. Be3
O-O 9. O-O Bd7 10. h3 Rc8 11. Nxc6 Bxc6 12. Qc2 a6 13. Rad1 Qc7 14. Nd5 Nxd5 15.
exd5 Bd7 16. Bd4 Bf5 17. Qd2 Bxd4 18. Qxd4 Qc5 19. Qd2 Kg7 20. b3 a5 21. Rfe1
Rc7 22. Rc1 Qb4 23. Qb2+ Kg8 24. a3 Qb6 25. a4 Qb4 26. Rc3 Be4 27. Re3 Qxe1+ 28.
Bf1 Qb1 29. Qe2 Bc2 30. Qd2 Bxb3 31. Re1 Qa2 32. Qxa5 Rfc8 33. Re2 Qxa4 34. Qe1
Bxc4 35. Rxe7 Rxe7 36. Qxe7 Bxf1 37. Qxb7 Re8 38. Qb1 Be2 {White resigns} 0-1

[Event "Team 45 45 League T57"]
[Site "Internet Chess Club"]
[Date "2013.06.16"]
[Round "4"]
[White "JasonModer"]
[Black "Tjet"]
[Result "1-0"]
[WhiteElo "1573"]
[BlackElo "1471"]
[Opening "King's pawn opening"]
[ECO "B07"]
[Time "16:00:34"]
[TimeControl "2700+45"]

1. e4 d6 2. d4 e5 3. d5 c5 4. Nc3 a6 5. Nf3 Bg4 6. Be2 Be7 7. O-O Nf6 8. h3 Bh5
9. Bg5 Bg6 10. Bd3 b5 11. b3 b4 12. Na4 Bxe4 13. Bxf6 Bxf3 14. Bxe7 Bxd1 15.
Bxd8 Bxc2 16. Bxc2 Kxd8 17. f4 exf4 18. Rxf4 f6 19. Re1 Re8 20. Rxe8+ Kxe8 21.
Bxh7 Ra7 22. Kf2 Re7 23. Re4 Rxe4 24. Bxe4 Ke7 25. Nb6 a5 26. Bf5 {Black
resigns} 1-0

[Event "Team 45 45 League T57"]
[Site "Internet Chess Club"]
[Date "2013.06.17"]
[Round "4"]
[White "Warpdrive"]
[Black "cyborg86"]
[Result "0-1"]
[WhiteElo "1672"]
[BlackElo "1911"]
[Opening "French: exchange variation"]
[ECO "C01"]
[Time "14:01:03"]
[TimeControl "2700+45"]

1. e4 e6 2. d4 d5 3. exd5 exd5 4. Nf3 Nf6 5. h3 Bd6 6. Bd3 O-O 7. O-O h6 8. Nbd2
c6 9. Re1 Be6 10. c3 Nbd7 11. Nf1 Nh5 12. Ng5 Ndf6 13. Nxe6 fxe6 14. Rxe6 Nf4
15. Bxf4 Bxf4 16. Qc2 Bd6 17. Rae1 Nh5 18. Bg6 Nf4 19. Re8 Qg5 20. Rxf8+ Rxf8
21. Bh7+ Kh8 22. Ng3 g6 23. Bxg6 Qxg6 24. Qxg6 Nxg6 25. Re6 Bxg3 26. fxg3 Kg7
27. Rd6 Rf7 28. Rd8 Ne7 29. g4 Ng8 30. Ra8 a6 31. Rb8 Nf6 32. a4 Ne4 33. h4 Nd6
34. b3 Rf8 35. Rxf8 Kxf8 36. Kf1 Kf7 37. Ke2 Ne4 38. c4 dxc4 39. bxc4 Nc3+ 40.
Kd3 Nxa4 41. c5 Nb2+ 42. Kc3 Nd1+ 43. Kb3 Ne3 44. g5 hxg5 45. hxg5 Nxg2 46. Ka4
Ne3 47. Ka5 Nd5 {White resigns} 0-1

[Event "Team 45 45 League T57"]
[Site "Internet Chess Club"]
[Date "2013.06.17"]
[Round "4"]
[White "fishhead"]
[Black "CKNIGHT3"]
[Result "1-0"]
[WhiteElo "1876"]
[BlackElo "1682"]
[Opening "Sicilian: Najdorf, 7...Be7 main line"]
[ECO "B99"]
[Time "22:01:05"]
[TimeControl "2700+45"]

1. e4 c5 2. Nf3 d6 3. d4 cxd4 4. Nxd4 Nf6 5. Nc3 a6 6. Bg5 e6 7. f4 Be7 8. Qf3
Qc7 9. O-O-O Nbd7 10. Bd3 b5 11. Rhe1 Bb7 12. Qg3 h6 13. Bh4 Rg8 14. e5 dxe5 15.
fxe5 Nh5 16. Nxe6 Qb6 17. Qg4 Bxh4 18. Qxh4 Qxe6 19. Be4 Bxe4 20. Nxe4 Qg6 21.
Rd6 Qxg2 22. Qxh5 Ke7 23. e6 fxe6 24. Rd2 Qxd2+ 25. Nxd2 Rac8 26. Qg6 Rc6 27.
Nf3 Nf8 28. Qe4 Rd6 29. Ne5 Nd7 30. Nxd7 Kxd7 31. Qb7+ Kd8 32. Qb8+ Ke7 33. Qxg8
g5 34. Qg7+ Kd8 35. Rf1 Rd7 36. Qf8+ Kc7 37. Qc5+ Kb7 38. Rf8 Rc7 39. Qd6 g4 40.
Qxe6 h5 41. Rf7 Rxf7 42. Qxf7+ Kc6 43. Kd2 h4 44. Kc3 g3 45. hxg3 hxg3 46. Kd4
Kb6 47. b4 g2 48. Qg6+ Kc7 49. Kd5 g1=Q 50. Qxg1 Kb7 51. Kd6 Kc8 52. Qa7 Kd8 53.
Qd7# {Black checkmated} 1-0